 Dungeon Sprint DCSS version 0.27-a0-1196-g3e9cee4cb2 (webtiles) character file.

Game seed: 1655106615452595412

34516 mhtbhm the Archmage (level 13, -14/65 HPs)
             Began as a Deep Elf Earth Elementalist on May 28, 2021.
             Was the Champion of Vehumet.
             Demolished by a death cob (30 damage)
             ... in the Dungeon (Sprint VII: "The Pits").
             The game lasted 00:11:19 (3441 turns).

mhtbhm the Archmage (Deep Elf Earth Elementalist)   Turns: 3441, Time: 00:11:20

Health: -14/65     AC: 10    Str:  5    XL:     13   Next: 42%
Magic:  3/46       EV: 15    Int: 26    God:    Vehumet [******]
Gold:   10         SH:  0    Dex: 15    Spells: 46/66 levels left

rFire    + . .     SeeInvis .   l - +4 quarterstaff (speed)
rCold    . . .     Faith    .   (shield currently unavailable)
rNeg     . . .     Spirit   .   c - +2 leather armour {rF+}
rPois    +         Reflect  .   (no helmet)
rElec    .         Harm     .   r - +0 cloak
rCorr    .         Rampage  .   p - +0 pair of gloves
Will     +....     NoTele   +   (no boots)
Stlth    +++.......             (no amulet)
HPRegen  0.20/turn              m - +3 ring of protection
MPRegen  0.30/turn              y - ring of poison resistance

@: hasted and slowed
A: no striking features
a: Renounce Religion


You were in the Dungeon.
You worshipped Vehumet.
Vehumet was exalted by your worship.
You visited 1 branch You collected 10 gold pieces.

Inventory:

Hand Weapons
 l - a +4 quarterstaff of speed (weapon)
Missiles
 b - 29 stones
 s - a curare-tipped dart (quivered)
Armour
 c - a +2 leather armour of fire resistance (worn)
 p - a +0 pair of gloves (worn)
 r - a +0 cloak (worn)
Jewellery
 m - a +3 ring of protection (left hand)
 y - a ring of poison resistance (right hand)
 B - a ring of protection from fire
Wands
 q - a wand of mindburst (7)
 D - a wand of flame (21)
Scrolls
 i - a scroll of blinking
 j - 5 scrolls of amnesia
 k - a scroll of summoning
 t - 2 scrolls of fog
 v - 5 scrolls of enchant weapon
 w - a scroll of identify
 x - a scroll of fear
 F - a scroll of vulnerability
Potions
 a - 2 potions of invisibility
 d - 10 potions of curing
 e - 10 potions of heal wounds
 f - 2 potions of haste
 g - 2 potions of magic
 h - 3 potions of berserk rage
 o - 2 potions of mutation
 u - 2 potions of might
 z - a potion of brilliance
 C - a potion of flight
 E - 2 potions of attraction


   Skills:
 + Level 1.6 Fighting
 + Level 3.1 Staves
 + Level 3.3 Armour
 + Level 8.5 Dodging
 + Level 7.2 Stealth
 O Level 27 Spellcasting
 + Level 2.6 Conjurations
 + Level 2.9 Transmutations
 + Level 24.8 Earth Magic


You had 46 spell levels left.
You knew the following spells:

 Your Spells              Type           Power      Damage    Failure   Level
a - Sandblast             Erth           100%       2d20      0%          1
b - Poisonous Vapours     Pois/Air       70%        N/A       1%          2
c - Stone Arrow           Conj/Erth      100%       3d13      0%          3
d - Lee's Rapid Deconstr  Erth           52%        3d26*     0%          5
e - Petrify               Tmut/Erth      82%        N/A       1%          4
f - Fireball              Conj/Fire      21%        3d10      6%          5

Your spell library contained the following spells:

 Spells                   Type           Power      Damage    Failure   Level
 Shatter                  Erth           52%        3d40*     1%          9
 Lehudib's Crystal Spear  Conj/Erth      41%        10d10     9%          8
 Ignition                 Fire           17%        3d7       100%        8
 Passwall                 Tmut/Erth      68%        N/A       0%          2
 Freeze                   Ice            100%       1d11      1%          1
 Frozen Ramparts          Ice            70%        1d9       1%          3
 Hailstorm                Conj/Ice       42%        3d10      2%          4
 Ozocubu's Armour         Ice            35%        N/A       3%          3
 Metabolic Englaciation   Hex/Ice        17%        N/A       34%         5


Dungeon Overview and Level Annotations

Branches:
Dungeon (1/1)

Altars:
Ashenzari
Cheibriados
Dithmenos
Elyvilon
Fedhas
Gozag
Hepliaklqana
Kikubaaqudgha
Makhleb
Nemelex Xobeh
Okawaru
Qazlal
Ru
Sif Muna
Trog
Uskayaw
Vehumet
Wu Jian
Xom
Yredelemnul
Zin
The Shining One
Beogh
Jiyva
Lugonu


Message History

Casting: Lee's Rapid Deconstruction (safe; 0% risk of failure)
Confirm with . or Enter, or press ? or * to list all spells.
Aiming: Lee's Rapid Deconstruction (safe; 0% risk of failure)
Press: ? - help, Dir - move target, f - redback Fragment what (e.g. wall or brittle monster)?: a redback (severely wounded)
An open door.
The stone door frame shatters!
The blast of rock fragments hits the redback!!!
You kill the redback!
Vehumet accepts your kill.
The blast of rock fragments hits the redback!
The redback is heavily wounded.
Unknown command.
Unknown command.
Casting: Lee's Rapid Deconstruction (safe; 0% risk of failure)
Confirm with . or Enter, or press ? or * to list all spells.
Aiming: Lee's Rapid Deconstruction (safe; 0% risk of failure)
Press: ? - help, Dir - move target A metal wall.
The metal wall shatters!
The blast of metal fragments hits the redback!!!
You kill the redback!
Vehumet accepts your kill.
A death cob comes into view.
Unknown command.
Casting: Lee's Rapid Deconstruction (safe; 0% risk of failure)
Confirm with . or Enter, or press ? or * to list all spells.
You don't know that spell.
Casting: Lee's Rapid Deconstruction (safe; 0% risk of failure)
Confirm with . or Enter, or press ? or * to list all spells.
You don't have enough magic to cast this spell.
Unknown command.
Okay, then.
You feel yourself speed up. The death cob barely misses you.
A deep troll comes into view.
The death cob hits you!!
* * * LOW HITPOINT WARNING * * *
The death cob drains your vigour!
You feel yourself slow down. The death cob hits you!!
You die...

#..################..##..#...
#..# #..##...... #..# #..##......
#..# #..####''## #..#
##..####''## #..# #†#..##......
#..#############T##..##.#)##.
#####..............).....##)#).'.
__.##...........@z.......##.').#.
__.###########++###########.#).+.
...###########++###########.+.|#.
##'##................##..##.##+#.
)'.##......#..#......##..##......
##.##................''..########
....'................''..########
#####......#..#......##......(†..
...##................##..........


You could see a death cob and a deep troll.

Vanquished Creatures
  Boris (D)
  A spriggan defender (D)
  Nessos (D)
  Azrael (D)
  A dire elephant (D)
  A minotaur (D)
  An eidolon (D)
  A fire dragon (D)
  A great orb of eyes (D)
  2 naga warriors (D)
  An alligator (D)
  A two-headed ogre (shapeshifter) (D)
  A spriggan berserker (D)
  A sun demon (D)
  A shadow wraith (D)
  A bog body (D)
  A spriggan druid (D)
  A flayed ghost (D)
  A deep troll (D)
  5 harpies (D)
  2 orc knights (D)
  Pikel (D)
  A deep elf pyromancer (D)
  A wolf spider (D)
  2 cyclopes (D)
  A black mamba (D)
  A molten gargoyle (D)
  Maurice (D)
  A smoke demon (D)
  A guardian serpent (D)
  3 cane toads (D)
  A rime drake (D)
  A demonic crawler (D)
  A komodo dragon (D)
  A hellwing (D)
  2 ice devils (D)
  A troll (D)
  A polar bear (D)
  A hornet (D)
  9 blink frogs (D)
  5 dream sheep (D)
  A snapping turtle (D)
  A flying skull (D)
  3 redbacks (D)
  A vampire (D)
  A water elemental (D)
  3 fire elementals (D)
  A neqoxec (D)
  4 vampire mosquitoes (D)
  Edmund (D)
  2 wargs (D)
  A naga (D)
  3 floating eyes (D)
  4 hell hounds (D)
  2 orc warriors (D)
  Purgy (D)
  A swamp drake (D)
  An ogre (D)
  2 wolves (D)
  A centaur (D)
  A kobold brigand (D)
  A bullfrog (D)
  A small abomination (D)
  10 killer bees (D)
  2 quasits (D)
  An orc priest (D)
  A hound (D)
  An iron imp (D)
  An iguana (D)
  An orc wizard (D)
  A mummy (D)
  A river rat (D)
  An adder skeleton (D)
  3 orcs (D)
  4 ball pythons (D)
  An endoplasm (D)
  A giant cockroach (D)
  A goblin (D)
  2 hobgoblins (D)
  A quokka (D)
  A giant cockroach zombie (D)
  2 rats (D)
136 creatures vanquished.

Notes
Turn   | Place    | Note
-------+----------+-------------------------------------------
     0 | D        | mhtbhm the Deep Elf Earth Elementalist began the quest for
                  | the Orb.
     0 | D        | Reached XP level 1. HP: 10/10 MP: 6/6
    67 | D        | Found a bloodstained altar of Trog.
    67 | D        | Found a shimmering blue altar of Sif Muna.
    67 | D        | Found a viscous altar of Jiyva.
    67 | D        | Found a hazy altar of Hepliaklqana.
    67 | D        | Found an opulent altar of Gozag.
    68 | D        | Found a glowing golden altar of the Shining One.
    68 | D        | Found a glowing silver altar of Zin.
    68 | D        | Found a basalt altar of Yredelemnul.
    68 | D        | Found a shimmering altar of Xom.
    68 | D        | Found an ornate altar of the Wu Jian Council.
    68 | D        | Found a sacrificial altar of Ru.
    68 | D        | Found a stormy altar of Qazlal.
    68 | D        | Found an iron altar of Okawaru.
    68 | D        | Found a sparkling altar of Nemelex Xobeh.
    68 | D        | Found a burning altar of Makhleb.
    68 | D        | Found a blossoming altar of Fedhas.
    68 | D        | Found a white marble altar of Elyvilon.
    68 | D        | Found a shadowy altar of Dithmenos.
    68 | D        | Found a snail-covered altar of Cheibriados.
    70 | D        | Found a radiant altar of Vehumet.
    70 | D        | Found a corrupted altar of Lugonu.
    71 | D        | Found a hide-covered altar of Uskayaw.
    71 | D        | Found an ancient bone altar of Kikubaaqudgha.
    71 | D        | Found a broken altar of Ashenzari.
    78 | D        | Became a worshipper of Vehumet
   119 | D        | Noticed a floating eye
   120 | D        | Reached * piety under Vehumet
   120 | D        | Offered knowledge of Magic Dart by Vehumet.
   122 | D        | Paralysed by a floating eye for 2 turns
   124 | D        | Killed a floating eye
   125 | D        | Reached skill level 6 in Spellcasting
   125 | D        | Reached XP level 2. HP: 15/15 MP: 5/11
   125 | D        | Reached XP level 3. HP: 19/19 MP: 5/13
   125 | D        | Reached XP level 4. HP: 24/24 MP: 5/14
   190 | D        | Noticed a floating eye
   191 | D        | Killed a floating eye
   192 | D        | Reached skill level 8 in Spellcasting
   192 | D        | Reached XP level 5. HP: 28/28 MP: 14/18
   192 | D        | Reached ** piety under Vehumet
   217 | D        | Noticed a centaur
   221 | D        | Killed a centaur
   221 | D        | Offered knowledge of Poisonous Vapours by Vehumet.
   222 | D        | Reached skill level 5 in Dodging
   222 | D        | Reached skill level 9 in Spellcasting
   222 | D        | Reached skill level 10 in Earth Magic
   222 | D        | Reached XP level 6. HP: 32/32 MP: 18/20
   282 | D        | Noticed Pikel
   291 | D        | Killed Pikel
   292 | D        | Reached skill level 5 in Stealth
   292 | D        | Reached skill level 12 in Spellcasting
   292 | D        | Reached XP level 7. HP: 36/36 MP: 20/24
   301 | D        | Learned a level 2 spell: Poisonous Vapours
   305 | D        | Learned a level 3 spell: Stone Arrow
   311 | D        | Learned a level 5 spell: Lee's Rapid Deconstruction
   316 | D        | Learned a level 4 spell: Petrify
   324 | D        | Reached *** piety under Vehumet
   324 | D        | Offered knowledge of Static Discharge by Vehumet.
   330 | D        | Reached **** piety under Vehumet
   503 | D        | Noticed a bog body
   505 | D        | Killed a bog body
   505 | D        | Offered knowledge of Frozen Ramparts by Vehumet.
   506 | D        | Reached skill level 14 in Spellcasting
   506 | D        | Reached skill level 1 in Conjurations
   506 | D        | Reached XP level 8. HP: 41/41 MP: 21/28
   646 | D        | Noticed a flying skull
   647 | D        | Killed a flying skull
   647 | D        | Offered knowledge of Olgreb's Toxic Radiance by Vehumet.
   647 | D        | Reached ***** piety under Vehumet
   648 | D        | Reached skill level 15 in Spellcasting
   676 | D        | Noticed Edmund
   676 | D        | Noticed a polar bear
   678 | D        | Killed a polar bear
   679 | D        | Reached XP level 9. HP: 45/45 MP: 22/30
   679 | D        | Noticed an orc knight
   680 | D        | Reached skill level 15 in Earth Magic
   680 | D        | Killed Edmund
   681 | D        | Reached skill level 16 in Spellcasting
   683 | D        | Reached ****** piety under Vehumet
   690 | D        | Killed an orc knight
   691 | D        | Reached skill level 17 in Spellcasting
   936 | D        | Offered knowledge of Ozocubu's Refrigeration by Vehumet.
   936 | D        | Noticed a guardian serpent
   936 | D        | Noticed a hellwing
   941 | D        | Killed a guardian serpent
   952 | D        | Killed a hellwing
  1181 | D        | Noticed a molten gargoyle
  1182 | D        | Killed a molten gargoyle
  1183 | D        | Reached skill level 1 in Staves
  1199 | D        | Reached skill level 18 in Spellcasting
  1251 | D        | Noticed a smoke demon
  1252 | D        | Offered knowledge of Sticky Flame by Vehumet.
  1253 | D        | Reached XP level 10. HP: 51/51 MP: 32/34
  1255 | D        | Killed a smoke demon
  1256 | D        | Reached skill level 19 in Spellcasting
  1303 | D        | Reached skill level 1 in Fighting
  1308 | D        | Noticed an orc knight
  1319 | D        | Killed an orc knight
  1320 | D        | Reached skill level 20 in Spellcasting
  1351 | D        | Noticed Maurice
  1364 | D        | Killed Maurice
  1545 | D        | Offered knowledge of Fireball by Vehumet.
  1589 | D        | Killed a shadow wraith
  1590 | D        | Reached skill level 21 in Spellcasting
  1590 | D        | Reached XP level 11. HP: 56/56 MP: 32/38
  1599 | D        | Noticed a minotaur
  1602 | D        | Killed a minotaur
  1707 | D        | Learned a level 5 spell: Fireball
  1784 | D        | Offered knowledge of Eringya's Noxious Bog by Vehumet.
  1800 | D        | Noticed an eidolon
  1806 | D        | Killed an eidolon
  1807 | D        | Reached skill level 22 in Spellcasting
  1827 | D        | Noticed Purgy
  1828 | D        | Killed Purgy
  2016 | D        | Noticed a wolf spider
  2027 | D        | Killed a wolf spider
  2404 | D        | Offered knowledge of Iron Shot by Vehumet.
  2515 | D        | Noticed an alligator
  2520 | D        | Killed an alligator
  2522 | D        | Reached skill level 23 in Spellcasting
  2586 | D        | Noticed Azrael
  2592 | D        | Offered knowledge of Irradiate by Vehumet.
  2593 | D        | Killed Azrael
  2834 | D        | Noticed a deep troll
  2835 | D        | Killed a deep troll
  2836 | D        | Reached XP level 12. HP: 61/61 MP: 39/41
  2839 | D        | Reached skill level 24 in Spellcasting
  2958 | D        | Noticed Boris
  2958 | D        | Noticed a spriggan defender
  2958 | D        | Noticed a naga warrior
  2960 | D        | Noticed a great orb of eyes
  2960 | D        | Noticed a two-headed ogre
  2960 | D        | Noticed a naga warrior
  2961 | D        | Killed a spriggan defender
  2961 | D        | Killed a two-headed ogre
  2962 | D        | Reached skill level 1 in Armour
  2963 | D        | Killed a great orb of eyes
  2964 | D        | Offered knowledge of Conjure Ball Lightning by Vehumet.
  2966 | D        | Killed Boris
  2966 | D        | Killed a naga warrior
  2967 | D        | Reached skill level 25 in Spellcasting
  2967 | D        | Killed a naga warrior
  3371 | D        | Reached skill level 26 in Spellcasting
  3371 | D        | Noticed a dire elephant
  3381 | D        | Reached XP level 13. HP: 41/65 MP: 30/45
  3381 | D        | Killed a dire elephant
  3395 | D        | Noticed Nessos
  3396 | D        | Killed Nessos
  3399 | D        | Offered knowledge of Lehudib's Crystal Spear by Vehumet.
  3399 | D        | Offered knowledge of Shatter by Vehumet.
  3399 | D        | Offered knowledge of Ignition by Vehumet.
  3400 | D        | Reached skill level 27 in Spellcasting
  3415 | D        | Noticed a fire dragon
  3421 | D        | Killed a fire dragon
  3439 | D        | Noticed a death cob
  3441 | D        | Demolished by a death cob

Illustrated notes

Levels and vault maps discovered:
D:        pitsprint [storerooms_1, entrance_room_1, metal_vault_7, armoury_1,
          mini_pit_1, grid_room_1, main_hall_1, silver_pit, the_coven_1,
          the_vestibule_1, steel_vault_5, golden_pit, hallway_of_sentries,
          crystal_vault_1, iron_vault_2, final_vault]

Skill      XL: |  1  2  3  4  5  6  7  8  9 10 11 12 13 |
---------------+----------------------------------------+-----
Earth Magic    | 8 9 10 12 14 16 18 20 23 24 | 24.8
Stealth        | 4 5 6 7 |  7.2
Dodging        | 4 5 6 7 8 |  8.5
Spellcasting   | 6 8 9 12 14 15 18 21 23 26 27 | 27.0
Conjurations   | 1 2 |  2.6
Transmutations | 2 |  2.9
Staves         | 2 3 |  3.1
Fighting       | 1 |  1.6
Armour         | 3 |  3.3

Action                   |  1- 3 |  4- 6 |  7- 9 | 10-12 | 13-15 || total
-------------------------+-------+-------+-------+-------+-------++-------
Melee: Quarterstaff      |       |       |     5 |     1 |       ||     6
 Cast: Sandblast         |     8 |     7 |     8 |     8 |       ||    31
       Lee's Rapid Decon |       |       |    24 |    77 |    21 ||   122
       Stone Arrow       |       |       |     5 |     4 |       ||     9
       Petrify           |       |       |     1 |     2 |       ||     3
  Use: Potion            |       |       |     1 |     9 |     2 ||    12
       Scroll            |       |       |       |       |     1 ||     1
 Stab: Petrified         |       |       |     1 |       |       ||     1
Armor: Robe              |       |       |     4 |     1 |       ||     5
       Leather armour    |       |       |       |     1 |       ||     1
Dodge: Dodged            |     2 |     2 |    17 |    20 |     3 ||    44

Table legend: (Time is in decaauts)
 A = Elapsed time spent in this place.
 B = Non-inter-level travel time spent in this place.
 C = Inter-level travel time spent in this place.
 D = Time resting spent in this place.
 E = Time spent auto-exploring this place.
 F = Levels seen in this place.
 G = Mean time per level.
                   A        B        C        D        E       F      G
               +--------+--------+--------+--------+--------+-----+--------+
         Total |   3451 |   3451 |      0 |   2300 |     93 |   1 | 3451.0 |
       Dungeon |   3451 |   3451 |      0 |   2300 |     93 |   1 | 3451.0 |
               +--------+--------+--------+--------+--------+-----+--------+

Top non-repeatable levels by time:
       D: 3451 daAuts
